 Dungeon Crawl Stone Soup version 0.17-a0-1575-g9a29ec8 (webtiles) character file.

1059 karlkraus the Shield-Bearer (level 8, 0/69 HPs)
             Began as a Minotaur Fighter on July 26, 2015.
             Slain by karlkraus's ghost (3 damage)
             ... on level 6 of the Dungeon.
             The game lasted 00:12:17 (4380 turns).

karlkraus the Shield-Bearer (Minotaur Fighter)      Turns: 4380, Time: 00:12:17

Health: 0/69       AC: 10    Str: 24    XL:     8   Next: 6%
Magic:  7/7        EV:  5    Int:  5    God:
Gold:   311        SH: 16    Dex:  9    Spells: 0 memorised, 7 levels left

rFire  . . .     SeeInvis .     u - +3 falchion
rCold  . . .     Clarity  .     c - +0 chain mail
rNeg   . . .     SustAt   .     v - +0 large shield
rPois  .         Gourm    .     (helmet restricted)
rElec  .         Spirit   .     (no cloak)
rCorr  .         Warding  .     (no gloves)
rMut   .         Stasis   +     (no boots)
MR     .....                    p - amulet of stasis
Stlth  ..........               (no ring)
                                (no ring)

@: not resistant to hostile enchantments, extremely unstealthy
A: retaliatory headbutt, horns 2
a: no special abilities


You were on level 6 of the Dungeon.
You were hungry.

You visited 1 branch of the dungeon, and saw 6 of its levels.

You collected 311 gold pieces.

Inventory:

Hand weapons
 u - a +3 falchion (weapon)
Armour
 c - a +0 chain mail (worn)
 v - a +0 large shield (worn)
Jewellery
 f - an uncursed amulet of faith
 p - an amulet of stasis (around neck)
Magical devices
 n - a wand of fireball (3)
 w - a wand of slowing (20)
Scrolls
 a - a scroll of fear {unknown}
 b - 4 scrolls of identify
 d - a scroll of enchant armour {unknown}
 g - a scroll of recharging
 k - 2 scrolls of enchant weapon {unknown}
 m - 2 scrolls of teleportation
 r - a scroll of amnesia
 s - a scroll of fog {unknown}
Potions
 j - a potion of ambrosia
 q - a potion of curing
 t - 3 potions of lignification {unknown}
Comestibles
 e - 7 bread rations
 h - 3 chunks of flesh
 i - 4 meat rations
 l - 10 fruits
 o - a beef jerky


   Skills:
 + Level 5.4 Fighting
 + Level 0.2 Long Blades
   Level 5.4 Axes
 + Level 6.7 Armour
 + Level 3.4 Dodging
 + Level 7.0 Shields
 + Level 0.1 Evocations


You had 7 spell levels left.
You didn't know any spells.

Dungeon Overview and Level Annotations

Branches:
Dungeon (6/15)
 Temple: D:4-7

Altars:
Elyvilon
Fedhas
Kikubaaqudgha
Makhleb
Nemelex Xobeh
Sif Muna
Zin

Annotations:
D:6 karlkraus's ghost, experienced MiFi


Innate Abilities, Weirdness & Mutations

You reflexively headbutt those who attack you in melee.
You have a pair of horns on your head.


Message History

You block karlkraus's ghost's attack.
Karlkraus's ghost grins evilly.
Karlkraus's ghost hits you but does no damage.
You closely miss karlkraus's ghost. You headbutt karlkraus's ghost.
Karlkraus's ghost is severely damaged.
You block karlkraus's ghost's attack.
You hit karlkraus's ghost.
Karlkraus's ghost is almost destroyed.
Karlkraus's ghost hits you!
* * * LOW HITPOINT WARNING * * *
x2 You closely miss karlkraus's ghost.
You headbutt karlkraus's ghost, but do no damage.
Karlkraus's ghost is almost destroyed.
You block karlkraus's ghost's attack. x2
You closely miss karlkraus's ghost.
You headbutt karlkraus's ghost, but do no damage.
Karlkraus's ghost is almost destroyed.
Karlkraus's ghost hits you!
* * * LOW HITPOINT WARNING * * *
You die...

#.# #.#
#.# #.#
#.# #.# .
#.# ...
#.###.....
#.@Ws....#
#####$....
... .


You could see karlkraus's ghost and a giant cockroach.

Vanquished Creatures
  Eustachio (D:6)
  An ice beast (D:5)
  2 ogres
  A centaur (D:5)
  A scorpion (D:5)
  2 crimson imps
  A jelly (D:6)
  2 centaur skeletons
  A hound (D:5)
  Jessica (D:3)
  6 worker ants
  A hound skeleton (D:4)
  2 adders
  4 gnolls (D:5)
  An ooze (D:3)
  A worm (D:3)
  4 giant geckos
  21 orcs
  2 ball pythons
  A bat skeleton (D:5)
  3 giant cockroaches
  9 goblins
  9 hobgoblins
  5 jackals
  9 kobolds
  4 quokkas
  10 bats
  A giant gecko skeleton (D:5)
  6 giant newts
  9 rats
121 creatures vanquished.

Notes
Turn   | Place    | Note
--------------------------------------------------------------
     0 | D:1      | karlkraus the Minotaur Fighter began the quest for the Orb.
     0 | D:1      | Reached XP level 1. HP: 19/19 MP: 0/0
    89 | D:1      | Reached XP level 2. HP: 25/27 MP: 1/1
   130 | D:1      | Reached skill level 4 in Armour
   795 | D:2      | Found a blossoming altar of Fedhas.
   859 | D:2      | Reached XP level 3. HP: 33/33 MP: 2/2
  1338 | D:3      | HP: 1/33 [poisoned by a worker ant]
  1347 | D:3      | Reached XP level 4. HP: 25/40 MP: 3/3
  1820 | D:3      | Found a burning altar of Makhleb.
  1859 | D:3      | Reached skill level 1 in Dodging
  1867 | D:3      | Found a sparkling altar of Nemelex Xobeh.
  2078 | D:3      | Noticed Jessica
  2083 | D:3      | Killed Jessica
  2145 | D:3      | Found a glowing silver altar of Zin.
  2149 | D:3      | Found an ancient bone altar of Kikubaaqudgha.
  2149 | D:3      | Found a deep blue altar of Sif Muna.
  2150 | D:3      | Found a white marble altar of Elyvilon.
  2406 | D:4      | Reached XP level 5. HP: 46/46 MP: 4/4
  2495 | D:4      | Noticed an ogre
  2501 | D:4      | Killed an ogre
  2501 | D:4      | Reached skill level 5 in Armour
  2643 | D:4      | Reached XP level 6. HP: 53/53 MP: 5/5
  3006 | D:5      | Entered Level 5 of the Dungeon
  3079 | D:5      | Reached skill level 5 in Shields
  3384 | D:5      | Reached skill level 6 in Armour
  3384 | D:5      | Reached XP level 7. HP: 48/60 MP: 6/6
  3705 | D:5      | Reached skill level 5 in Axes
  4023 | D:6      | Reached skill level 5 in Fighting
  4282 | D:6      | Noticed Eustachio
  4289 | D:6      | Killed Eustachio
  4289 | D:6      | Reached skill level 7 in Shields
  4289 | D:6      | Reached XP level 8. HP: 68/68 MP: 7/7
  4341 | D:6      | Noticed karlkraus's ghost (experienced MiFi)
  4380 | D:6      | HP: 3/69 [karlkraus's ghost (9)]
  4380 | D:6      | Slain by karlkraus's ghost

Vault maps used:
D:1:      roderic_chinese_lattice_arrival
D:2:      fedhas_altar_3
D:3:      grunt_temple_overflow_open, lemuel_crystal_altar, first_bread,
          nemelex_dance_club_becter, uniq_jessica
D:4:      corexii_shack_village
D:6:      ashenzari_conservatory_becter, serial_curves, eino_curves_01,
          eino_curves_03, uniq_eustachio

Action                   |  1- 3 |  4- 6 |  7- 9 || total
-------------------------+-------+-------+-------++-------
Melee: War axe           |    74 |   137 |    65 ||   276
       Falchion          |       |       |    58 ||    58
Evoke: Wand              |       |       |     2 ||     2
  Use: Potion            |     3 |       |     2 ||     5
       Scroll            |     1 |     9 |     1 ||    11
  Eat: Chunk             |     1 |     7 |     3 ||    11
